 Dungeon Crawl Stone Soup version 0.24-a0-434-gd57e52fea8 (webtiles) character file.

Game seed: 536453649988379701

18 mahrnol the Sneak (level 2, 19/19 HPs)
             Began as a Halfling Assassin on June 16, 2019.
             Starved to death
             ... on level 1 of the Dungeon.
             The game lasted 00:07:42 (1949 turns).

mahrnol the Sneak (Halfling Assassin)               Turns: 1949, Time: 00:07:43

Health: 19/19      AC:  6    Str: 12    XL:     2   Next: 85%
Magic:  2/2        EV: 14    Int:  9    God:
Gold:   31         SH:  0    Dex: 15    Spells: 1/1 levels left

rFire    . . .     SeeInvis .   a - +2 dagger
rCold    . . .     Gourm    .   (shield restricted)
rNeg     . . .     Faith    .   b - +0 robe
rPois    .         Spirit   .   (no helmet)
rElec    .         Reflect  .   c - +0 cloak
rCorr    .         Harm     .   h - +1 pair of gloves
MR       .....                  j - +0 pair of boots
Stlth    +++.......             (no amulet)
HPRegen  0.06/turn              (no ring)
MPRegen  0.08/turn              (no ring)

@: fainting
A: small, mutation resistance 1
a: no special abilities


You were on level 1 of the Dungeon.
You were fainting.

You visited 1 branch of the dungeon, and saw 1 of its levels.

You collected 31 gold pieces.

Inventory:

Hand Weapons
 a - a +2 dagger (weapon)
 k - a +0 short sword of speed
Missiles
 d - 8 poisoned darts (quivered)
 e - 2 curare-tipped darts
Armour
 b - a +0 robe (worn)
 c - a +0 cloak (worn)
 h - a +1 pair of gloves (worn)
 j - a +0 pair of boots (worn)
Scrolls
 l - a scroll of remove curse {unknown}
 m - a scroll of fear {unknown}
 n - a scroll of identify {unknown}
Potions
 i - a potion of heal wounds {unknown}
 o - a potion of brilliance {unknown}
 p - a potion of curing {unknown}


   Skills:
 - Level 1.7 Fighting
 + Level 2.8 Short Blades
 + Level 2.0 Throwing
 + Level 1.1 Dodging
 + Level 5.1 Stealth


You had one spell level left.
You didn't know any spells.
Your spell library was empty.

Dungeon Overview and Level Annotations

Branches:
Dungeon (1/15)

Altars:


Innate Abilities, Weirdness & Mutations

You are small and have problems with some larger weapons.
You are somewhat resistant to further mutation.


Message History

You hit the plant but do no damage.
The plant is almost destroyed.
You hit the plant but do no damage.
The plant is almost destroyed.
You hit the plant but do no damage.
The plant is almost destroyed.
You hit the plant but do no damage.
The plant is almost destroyed.
You hit the plant but do no damage.
The plant is almost destroyed.
You hit the plant.
You destroy the plant!
You completely miss the plant. You hit the plant but do no damage.
You hit the plant but do no damage. You hit the plant but do no damage.
You hit the plant but do no damage. You hit the plant but do no damage.
You have starved to death.
You die...

###.........÷# ##..#
###.### #........)...##
##.### #....
#.######...#..######...#
###.. #.#
###..#.....####.# ##.
#.# ##..####.####.# ##.
#.# #♣♣♣♣##...##.#####..
#.##♣ P♣♣....#..>.##.#
#.♣♣P## ###
##P♣♣♣##.........#
#.#♣♣.###≈###@♣♣
#..###..###
#.♣♣.♣..♣≈♣..♣.♣♣
##.##....##
#.♣♣.♣♣P≈≈.♣♣.♣.♣♣#
#.##.#...#
#.♣.♣♣P♣♣≈≈♣.♣♣♣..#
#....#...#
#..♣.♣♣♣≈≈♣♣♣..♣♣♣#
#....###.#
##♣♣♣[♣♣≈≈≈P♣♣♣.♣♣
#.........
♣♣♣♣♣≈≈≈♣♣♣♣.♣
#....##### ♣♣≈≈≈.♣ ♣♣#
#..>.# ♣♣P≈≈≈♣♣ ######


There were no monsters in sight!

Vanquished Creatures
  A dart slug (D:1)
  3 giant cockroaches (D:1)
  A goblin (D:1)
  2 kobolds (D:1)
  4 bats (D:1)
  A frilled lizard (D:1)
  4 rats (D:1)
  13 plants (D:1)
29 creatures vanquished.

Notes
Turn   | Place    | Note
-------+----------+-------------------------------------------
     0 | D:1      | mahrnol the Halfling Assassin began the quest for the Orb.
     0 | D:1      | Reached XP level 1. HP: 14/14 MP: 1/1
   310 | D:1      | Reached XP level 2. HP: 18/19 MP: 2/2
   426 | D:1      | Reached skill level 5 in Stealth
  1278 | D:1      | Paralysed by fainting for 11 turns
  1879 | D:1      | Paralysed by fainting for 7 turns
  1904 | D:1      | Paralysed by fainting for 10 turns
  1949 | D:1      | Starved to death

Levels and vault maps discovered:
D:1:      dpeg_arrival_windows_large_door, layout_rooms, wad_woods_river_04

Skill      XL: |  1  2 |
---------------+-------+-----
Stealth        | 5 |  5.1
Fighting       | |  1.7
Short Blades   | |  2.8
Throwing       | |  2.0
Dodging        | |  1.1

Action                   || total
-------------------------++-------
Melee: Dagger            ||  1325
 Stab: Sleeping          ||     3
  Eat: Ration            ||     1
Armor: Robe              ||    16
Dodge: Dodged            ||    20

Table legend:
 A = Non-vault XP
 B = Vault XP
 C = Vault XP percentage of total XP
 D = Non-vault monster count
 E = Vault monster count
 F = Vault count percentage of total count
                 A         B        C        D         E       F
            +---------+---------+-------+---------+---------+-------
      Total |      26 |       0 |   0.0 |      16 |       0 |   0.0
            +---------+---------+-------+---------+---------+-------
        D:1 |      26 |       0 |   0.0 |      16 |       0 |   0.0
            +---------+---------+-------+---------+---------+-------
